 Dungeon Sprint DCSS version 0.20-a0-641-g673355a (webtiles) character file.

31 Kidiri the Magician (level 3, -1/20 HPs)
             Began as a Deep Elf Fire Elementalist on Feb 13, 2017.
             Slain by a human (7 damage)
             ... in the Dungeon (Sprint III: "The Ten Rune Challenge").
             The game lasted 00:02:04 (229 turns).

Kidiri the Magician (Deep Elf Fire Elementalist)     Turns: 229, Time: 00:02:05

Health: -1/20      AC:  2    Str:  5    XL:     3   Next: 7%
Magic:  10/11      EV: 14    Int: 20    God:
Gold:   7          SH:  0    Dex: 15    Spells: 3/12 levels left

rFire    . . .     SeeInvis .   (no weapon)
rCold    . . .     Gourm    .   a - +0 robe
rNeg     . . .     Faith    .   (no shield)
rPois    .         Spirit   .   (no helmet)
rElec    .         Reflect  .   (no cloak)
rCorr    .         Harm     .   (no gloves)
MR       .....     NoTele   +   (no boots)
Stlth    ++........             (no amulet)
Regen    0.1/turn               (no ring)
MPRegen  0.2/turn               (no ring)

@: no status effects
A: no striking features
a: no special abilities


You were in the Dungeon.
You were not hungry.

You visited 1 branch You collected 7 gold pieces.

Inventory:

Armour
 a - a +0 robe (worn)
Scrolls
 i - a scroll of blinking
 k - a scroll of enchant armour {unknown}
Potions
 d - a potion of curing
 f - a potion of haste
 g - a potion of magic
 h - a potion of berserk rage
Books
 b - a book of Flames

   Spells                             Type                      Level
   a - Flame Tongue                   Conjuration/Fire             1
   b - Throw Flame                    Conjuration/Fire             2
   c - Conjure Flame                  Conjuration/Fire             3
   d - Inner Flame                    Hexes/Fire                   3
   e - Sticky Flame                   Conjuration/Fire             4
   f - Fireball                       Conjuration/Fire             5
Comestibles
 c - a bread ration
 j - 4 chunks of flesh


   Skills:
 + Level 1.4 Fighting
 + Level 1.4 Armour
 + Level 3.6 Dodging
 - Level 2.4 Stealth
 * Level 5.3 Spellcasting
 + Level 2.5 Conjurations
 + Level 4.1 Fire Magic


You had 3 spell levels left.
You knew the following spells:

 Your Spells              Type           Power        Failure   Level  Hunger
a - Flame Tongue          Conj/Fire      ###..        2%          1    None
b - Throw Flame           Conj/Fire      ###...       4%          2    None
c - Conjure Flame         Conj/Fire      ###.....     10%         3    ##.....
d - Inner Flame           Hex/Fire       ##......     17%         3    ##.....


Dungeon Overview and Level Annotations

Branches:
Dungeon (1/1)

Altars:


Message History

The human hits you.
Casting: Flame Tongue
Confirm with . or Enter, or press ? or * to list all spells.
Aiming: Flame Tongue
Press: ? - help, Shift-Dir - straight line, f/p - human
Aim: a human (severely wounded)
The flame tongue hits the human.
The human appears unharmed.
The human is severely wounded.
The human hits you. Magic courses through your body. The human hits you.
* * * LOW HITPOINT WARNING * * *
Casting: Flame Tongue
Confirm with . or Enter, or press ? or * to list all spells.
Aiming: Flame Tongue
Press: ? - help, Shift-Dir - straight line, f/p - human
Aim: a human (severely wounded)
The flame tongue hits the human.
The human is almost dead.
The human hits you!
You die...

▓▓▓▓▓▓▓▓▓
▓<..#...####
▓...#......##
▓..##.......#
▓##.##.##.[.# .#
##.##.###..# ..#
▓#.####.##..# ...+
▓.###..##..##
#...# ▓#.p@..##..#
#....#
###..##...##.....#
##..##....#......#
#..###..##.# #..#
#..#### ▓▓▓▓ ▓▓▓▓


You could see a human.

Vanquished Creatures
  Jessica (D)
  An ooze (D)
  A rat (D)
3 creatures vanquished.

Vanquished Creatures (others)
  2 draconian scorchers (D)
  5 hellions (D)
  A yaktaur (D)
8 creatures vanquished.

Grand Total: 11 creatures vanquished

Notes
Turn   | Place    | Note
-------+----------+-------------------------------------------
     0 | D        | Kidiri the Deep Elf Fire Elementalist began the quest for the Orb.
     0 | D        | Reached XP level 1. HP: 10/10 MP: 6/6
    48 | D        | Killed a yaktaur
    85 | D        | Noticed Jessica
    88 | D        | Killed Jessica
    88 | D        | Reached skill level 1 in Fighting
    88 | D        | Reached skill level 1 in Armour
    88 | D        | Reached skill level 5 in Spellcasting
    88 | D        | Reached XP level 2. HP: 16/16 MP: 7/10
    88 | D        | Reached XP level 3. HP: 20/20 MP: 7/11
    92 | D        | Learned a level 2 spell: Throw Flame
    96 | D        | Learned a level 3 spell: Conjure Flame
   100 | D        | Learned a level 3 spell: Inner Flame
   153 | D        | Killed a hellion
   166 | D        | Killed a hellion
   167 | D        | Killed a white draconian scorcher
   168 | D        | Killed a hellion
   169 | D        | Killed a hellion
   200 | D        | Killed a white draconian scorcher
   201 | D        | Killed a hellion
   229 | D        | Slain by a human

Vault maps used:
D:        dungeon_sprint_mu

Skill      XL: |  1 |
---------------+----+-----
Fighting       | 1 |  1.4
Armour         | 1 |  1.4
Dodging        | 3 |  3.6
Spellcasting   | 5 |  5.3
Conjurations   | 2 |  2.5
Fire Magic     | 4 |  4.1
Stealth        | |  2.4

Action                   || total
-------------------------++-------
 Cast: Flame Tongue      ||    20
       Throw Flame       ||     1
  Use: Potion            ||     2
Dodge: Dodged            ||    12
